AoeStats
← MatiGyEJ

Black Forest

510175726Analyzed
2v2 RM · 3d ago on Sep 29, 2026· 68m 41s· 4 players
Game mode
Random Map
Map size
Medium (4 player)
Population
200
Speed
Normal
Resources
Standard
Victory
Conquest
Starting age
Dark Age
Ending age
Imperial Age
RankedLock teamsTeams togetherTeam positionsShared explorationLock speedFull tech treeHidden civsTurbo modeCheats
Victory
Defeat
🇦🇷 Franks · Argentina
636
+19
🇦🇷 Khmer · Argentina
626
+18
705
-19
🇦🇹 Inca · Austria
677
-18
£ Shindycool £
7:40 Loom
11:08 Feudal Age
11:43 Double-Bit Axe
11:43 Champi Runner
16:23 Forging
21:11 Castle Age
22:36 Horse Collar
23:07 Bow Saw
31:14 Imperial Age
30:21 Caravan
30:41 Fishing Lines
31:52 Ballistics
33:21 Guilds
33:44 Coinage
33:47 Capped Ram
36:03 Iron Casting
36:42 Chemistry
35:09 Crossbowman
35:55 Thumb Ring
35:59 Padded Archer Armor
36:13 Fletching
36:24 Scale Mail Armor
37:09 Arbalester
39:20 Wheelbarrow
40:26 Blast Furnace
39:42 Leather Archer Armor
40:16 Heavy Plow
40:10 Gold Mining
40:11 Stone Mining
40:43 Loom
41:15 Siege Ram
42:18 Gillnets
41:56 Pikeman
41:57 Champi Warrior
42:06 Onager
43:03 Elite Kamayuk
44:16 Chain Mail Armor
43:57 Bodkin Arrow
45:17 Ring Archer Armor
44:52 Fabric Shields
46:38 Hoardings
46:38 Plate Mail Armor
46:09 Bracer
46:24 Siege Engineers
46:25 Murder Holes
48:22 Heavy Scorpion
48:38 Halberdier
49:10 Elite Skirmisher
53:02 Crop Rotation
53:07 Gold Shaft Mining
53:08 Stone Shaft Mining
Tarik-Ali y los Umpalumpa
14:03 Feudal Age
13:43 Loom
15:29 Double-Bit Axe
21:38 Castle Age
22:49 Town Watch
23:20 Bow Saw
29:09 Wheelbarrow
28:52 Fortified Wall
34:28 Imperial Age
34:44 Gold Mining
35:33 Ballistics
35:10 Onager
38:01 Heavy Scorpion
39:47 Gold Shaft Mining
41:31 Guilds
41:25 Caravan
42:31 Chemistry
41:55 Siege Engineers
42:21 Fletching
42:34 Scale Mail Armor
43:14 Siege Onager
44:26 Pikeman
45:00 Gambesons
46:50 Hand Cart
46:36 Town Patrol
47:33 Halberdier
48:01 Arson
51:25 Elite Woad Raider
59:27 Capped Ram
Hanson
0:58 Loom
10:53 Feudal Age
14:55 Double-Bit Axe
16:36 Wheelbarrow
24:16 Castle Age
23:52 Scale Barding Armor
23:48 Scale Mail Armor
27:48 Fortified Wall
31:54 Husbandry
34:11 Forging
38:02 Imperial Age
35:51 Hand Cart
36:24 Bow Saw
37:11 Ordonnance Companies
38:34 Pikeman
39:02 Cavalier
40:51 Coinage
40:21 Caravan
41:58 Chain Barding Armor
41:47 Padded Archer Armor
42:20 Chain Mail Armor
44:03 Chivalry
44:25 Conscription
45:54 Banking
48:42 Paladin
52:23 Pikeman
53:03 Squires
54:13 Halberdier
69:40 Chemistry
68:23 Treadmill Crane
MatiGyEJ
0:30 Loom
10:32 Feudal Age
20:48 Castle Age
19:34 Gold Mining
19:30 Horse Collar
23:09 Double-Bit Axe
25:07 Stone Mining
25:35 Bow Saw
26:09 Pikeman
26:35 Arson
27:45 Ballistics
28:01 Heavy Plow
29:06 Gold Shaft Mining
28:37 Arson
30:31 Wheelbarrow
33:24 Imperial Age
32:21 Wheelbarrow
32:27 Stone Shaft Mining
33:38 Heavy Scorpion
35:38 Chemistry
35:15 Double Crossbow
36:48 Siege Engineers
38:02 Crop Rotation
39:06 Hand Cart
38:21 Halberdier
39:32 Elite Ballista Elephant
40:07 Light Cavalry
40:58 Bloodlines
42:42 Fortified Wall
45:10 Hussar
Connection lost

Rejoining the realm…

Still unreachable

The connection could not be restored.

Session expired

The server has moved on; the page needs a fresh start.